 Dungeon Crawl Stone Soup version 0.27-a0-1196-g3e9cee4cb2 (webtiles) character file.

Game seed: 8667581548367581845

102 Kold the Sneak (level 4, -5/35 HPs)
             Began as a Demonspawn Delver on May 27, 2021.
             Killed from afar by an orc wizard (6 damage)
             ... with a puff of flame
             ... on level 6 of the Dungeon.
             The game lasted 00:01:52 (715 turns).

Kold the Sneak (Demonspawn Delver)                   Turns: 715, Time: 00:01:53

Health: -5/35      AC:  3    Str: 13    XL:     4   Next: 50%
Magic:  4/4        EV: 12    Int: 11    God:
Gold:   8          SH:  0    Dex: 15    Spells: 3/3 levels left

rFire    . . .     SeeInvis .   a - +0 mace
rCold    . . .     Faith    .   (no shield)
rNeg     . . .     Spirit   .   b - +0 leather armour
rPois    .         Reflect  .   (no helmet)
rElec    .         Harm     .   (no cloak)
rCorr    .         Rampage  .   (no gloves)
Will     .....                  (no boots)
Stlth    +++.......             (no amulet)
HPRegen  0.11/turn              (no ring)
MPRegen  0.09/turn              (no ring)

@: no status effects
A: claws 1, powered by pain 1, spiny 1
a: no special abilities


You were on level 6 of the Dungeon.
You visited 1 branch of the dungeon, and saw 4 of its levels.

You collected 8 gold pieces.

Inventory:

Hand Weapons
 a - a +0 mace (weapon)
 i - a +0 flail
Armour
 b - a +0 leather armour (worn)
Wands
 g - a wand of digging (3)
Scrolls
 c - a scroll of fog
 e - a scroll of fear
 h - a scroll of magic mapping
Potions
 j - a potion of resistance


   Skills:
 - Level 3.0 Fighting
 + Level 3.8 Maces & Flails
 - Level 2.0 Dodging
 - Level 5.0 Stealth


You had 3 spell levels left.
You didn't know any spells.
Your spell library contained the following spells:

 Spells                   Type           Power      Damage    Failure   Level
 Cause Fear               Hex            0%         N/A       99%         4
 Silence                  Hex/Air        0%         N/A       100%        5
 Yara's Violent Unravell  Hex/Tmut       0%         3d3       100%        5
 Discord                  Hex            0%         N/A       100%        8


Dungeon Overview and Level Annotations

Branches:
Dungeon (6/15)
 Temple: D:4-7

Altars:


Innate Abilities, Weirdness & Mutations

You have sharp fingernails.
You sometimes gain a little power by taking damage.
You are partially covered in sharp spines.


Message History

You closely miss the adder.
The adder is moderately wounded.
A puff of flame appears from out of thin air!
Deactivating autopickup; reactivate with Ctrl-A.
The puff of flame misses you. The adder is struck by your spines.
The adder bites you but does no damage.
You sock the adder!
You kill the adder!
You hear the rapid rusting of a distant drain.
You barely miss the water moccasin skeleton.
The water moccasin skeleton is struck by your spines.
The water moccasin skeleton barely misses you.
The water moccasin skeleton misses you. Something hits you.
You hit the water moccasin skeleton.
The water moccasin skeleton is lightly damaged.
The water moccasin skeleton barely misses you.
Something hits you but does no damage.
You sock the water moccasin skeleton!
The water moccasin skeleton is moderately damaged.
The water moccasin skeleton bites you.
* * * LOW HITPOINT WARNING * * *
Something hits you but does no damage.
The water moccasin skeleton is struck by your spines.
The water moccasin skeleton bites you but does no damage.
Something hits you.
* * * LOW HITPOINT WARNING * * *
The water moccasin skeleton is struck by your spines.
The water moccasin skeleton bites you!
* * * LOW HITPOINT WARNING * * *
You climb downwards.
Reactivating autopickup.
There is a stone staircase leading up here.
Something hits you but does no damage.
Deactivating autopickup; reactivate with Ctrl-A.
Something hits you.
* * * LOW HITPOINT WARNING * * *
You hear some strange, mumbled words.
A puff of flame appears from out of thin air!
The puff of flame hits you.
You die...

#..............
#...............##
.#................#
..................#
.#................#
..................#
#...............#
#...<...........#
##.......<..{.@#
##.....#.....##
##......#####
#.......# #.#.#.#.#
#.........
#.#.#.#.#.#
#..........


There were no monsters in sight!

Vanquished Creatures
  A necrophage (D:5)
  An adder (D:5)
  4 orcs (D:4)
  A ball python (D:4)
  A goblin (D:4)
  A quokka (D:4)
9 creatures vanquished.

Notes
Turn   | Place    | Note
-------+----------+-------------------------------------------
     0 | D:5      | Kold the Demonspawn Delver began the quest for the Orb.
     0 | D:5      | Reached XP level 1. HP: 18/18 MP: 1/1
    10 | D:5      | Noticed an orc wizard
    10 | D:5      | Noticed an orc priest
   313 | D:4      | Gained mutation: You sometimes gain a little power by
                  | taking damage. [demonic ancestry]
   313 | D:4      | Reached XP level 2. HP: 17/24 MP: 2/2
   336 | D:4      | HP: 1/24 [orc/+0 club (4)]
   643 | D:5      | Noticed a necrophage
   665 | D:5      | Killed a necrophage
   666 | D:5      | Reached skill level 5 in Stealth
   666 | D:5      | Gained mutation: You are partially covered in sharp spines.
                  | [demonic ancestry]
   666 | D:5      | Reached XP level 3. HP: 11/29 MP: 3/3
   666 | D:5      | Gained mutation: You have sharp fingernails. [demonic
                  | ancestry]
   666 | D:5      | Reached XP level 4. HP: 14/35 MP: 4/4
   709 | D:5      | HP: 1/35 [water moccasin skeleton (7)]
   715 | D:6      | Killed from afar by an orc wizard

Illustrated notes

Levels and vault maps discovered:
D:3:      layout_loops_ring, slow_altar_2, hellmonk_ghost_happy_afterlife,
          hellmonk_ecumenical_altar_inner_sanctum, uniq_terence
D:4:      layout_loops_cross, biasface_ghost_orc_armoury, minmay_diced_spiral
D:5:      layout_rooms, lightli_sewer_entry_pipes, lemuel_flamethrower_2
D:6:      layout_rooms, lemuel_doored_altar, nicolae_overflow_hidden_temple,
          minmay_temple_entry_overgrown, st_stairs_9,
          chequers_serial_rivers_marsh, uniq_blork_the_orc

Skill      XL: |  1  2 |
---------------+-------+-----
Maces & Flails | 2 3 |  3.8
Dodging        | 2 |  2.0
Stealth        | 5 |  5.0
Fighting       | |  3.0

Action                   |  1- 3 |  4- 6 || total
-------------------------+-------+-------++-------
Melee: Mace              |    44 |     6 ||    50
  Use: Scroll            |     2 |       ||     2
       Potion            |     1 |       ||     1
Armor: Leather armour    |     9 |     5 ||    14
Dodge: Dodged            |    22 |     6 ||    28

Table legend: (Time is in decaauts)
 A = Elapsed time spent in this place.
 B = Non-inter-level travel time spent in this place.
 C = Inter-level travel time spent in this place.
 D = Time resting spent in this place.
 E = Time spent auto-exploring this place.
 F = Levels seen in this place.
 G = Mean time per level.
                   A        B        C        D        E       F      G
               +--------+--------+--------+--------+--------+-----+--------+
         Total |    713 |    713 |      0 |    482 |     20 |   4 |  178.2 |
       Dungeon |    713 |    713 |      0 |    482 |     20 |   4 |  178.2 |
               +--------+--------+--------+--------+--------+-----+--------+

Top non-repeatable levels by time:
     D:4: 627 daAuts
     D:5: 72 daAuts
     D:6: 11 daAuts
     D:3: 1 daAuts
